 Dungeon Crawl Stone Soup version 0.28.0 (webtiles) character file.

Game seed: 11456106587463916590

877 coldbreeze the Sneak (level 8, -11/56 HPs)
             Began as an Octopode Gladiator on Feb 15, 2022.
             Mangled by an eight-headed hydra (15 damage)
             ... on level 6 of the Dungeon.
             The game lasted 00:10:11 (6933 turns).

coldbreeze the Sneak (Octopode Gladiator)           Turns: 6933, Time: 00:10:11

Health: -11/56     AC:  1    Str: 13    XL:     8   Next: 4%
Magic:  8/8        EV: 15    Int: 11    God:
Gold:   339        SH:  0    Dex: 21    Spells: 7/7 levels left

rFire   . . .      SeeInvis .   a - +0 spear (venom)
rCold   . . .      Faith    .   (no shield)
rNeg    + . .      Spirit   .   g - +0 hat
rPois   .          Reflect  .   (no amulet)
rElec   .          Harm     .   r - ring of positive energy
rCorr   .          Rampage  .   G - +6 ring of dexterity
Will    .....                   (no ring)
Stlth   +++++.....              (no ring)
HPRegen 0.18/turn               (no ring)
MPRegen 0.11/turn               (no ring)
                                (no ring)
                                (no ring)

@: no status effects
A: almost no armour, amphibious, 8 rings, camouflage 1, gelatinous body 1,
(nimble swimmer 1), tentacles
a: no special abilities


You were on level 6 of the Dungeon.
You visited 2 branches of the dungeon, and saw 7 of its levels.

You collected 339 gold pieces.

Inventory:

Hand Weapons
 a - a +0 spear of venom (weapon)
 b - a +2 rapier of speed
 A - a +0 trident
Missiles
 c - 3 throwing nets
 d - 173 stones
 u - 9 poisoned darts (quivered)
Armour
 g - a +0 hat (worn)
 j - the +1 buckler of Resilience {Rampage rF+ Will+ Dex-4}
   (You found it on level 2 of the Dungeon)

   Dex:       It affects your dexterity (-4).
   rF:        It protects you from fire.
   Rampage:   It bestows one free step when moving towards enemies.
   Will:      It increases your willpower.
Magical Staves
 f - a staff of conjuration
Jewellery
 r - a ring of positive energy (left tentacle)
 v - a ring of ice
 B - a ring of positive energy
 C - an amulet of faith
 D - a ring of flight
 G - a +6 ring of dexterity (right tentacle)
Wands
 o - a wand of mindburst (13)
Scrolls
 h - 3 scrolls of noise {unknown}
 i - 3 scrolls of identify {unknown}
 l - a scroll of summoning {unknown}
 n - a scroll of vulnerability {unknown}
 p - 2 scrolls of teleportation {unknown}
 s - 2 scrolls of immolation {unknown}
 x - a scroll of acquirement {unknown}
 y - a scroll of fear {unknown}
 F - a scroll of torment {unknown}
Potions
 e - a potion of berserk rage {unknown}
 k - a potion of attraction {unknown}
 m - 3 potions of lignification
 q - 4 potions of heal wounds
 t - a potion of might {unknown}
 w - 2 potions of ambrosia {unknown}
 z - a potion of curing {unknown}
 E - a potion of flight


   Skills:
 + Level 5.5 Fighting
 - Level 0.1 Short Blades
 - Level 3.4 Maces & Flails
 + Level 4.5 Polearms
 - Level 2.0 Throwing
 + Level 3.7 Dodging
 - Level 6.0 Stealth


You had 7 spell levels left.
You didn't know any spells.
Your spell library was empty.

Dungeon Overview and Level Annotations

Branches:
Dungeon (6/15)             Temple (1/1) D:5

Altars:
Cheibriados
Elyvilon
Fedhas
Kikubaaqudgha
Makhleb
Okawaru
Qazlal
Trog
Vehumet
Wu Jian
Xom
Yredelemnul
Zin
The Shining One

Shops:
D:4 ?

Annotations:
D:3 exclusion: phantom
D:5 exclusion: downstairs


Innate Abilities, Weirdness & Mutations

You cannot wear most types of armour.
You are amphibious.
You can wear up to eight rings at the same time.
Your skin changes colour to match your surroundings (Stealth+).
Your rubbery body absorbs attacks. (AC +1, EV +1)
((You are camouflaged when in or above water. (Stealth+)))
You have tentacles for arms and can constrict up to eight enemies at once.


Message History

The eight-headed hydra roars!
The eight-headed hydra easily resists.
Aiming: Mindburst
Press: ? - help, Shift-Dir - straight line, f/p - eight-headed hydra
Aim: an eight-headed hydra (chance to affect: 29%)
The eight-headed hydra easily resists.
You don't have any such object.
Evoke which item? (* to show all) (? for menu, Esc to quit)
Okay, then.
Unknown command.
Aiming: Mindburst
Press: ? - help, Shift-Dir - straight line, f/p - eight-headed hydra
Aim: an eight-headed hydra (chance to affect: 29%)
The eight-headed hydra's minds are blasted!
You hear a shout!
An orc comes into view. It is wielding a +0 club.
Aiming: Mindburst
Press: ? - help, Shift-Dir - straight line, f/p - eight-headed hydra
Aim: an eight-headed hydra (lightly wounded, chance to affect: 29%)
The eight-headed hydra easily resists.
Aiming: Mindburst
Press: ? - help, Shift-Dir - straight line, f/p - eight-headed hydra
Aim: an eight-headed hydra (lightly wounded, chance to affect: 29%)
The eight-headed hydra easily resists.
Aiming: Mindburst
Press: ? - help, Shift-Dir - straight line, f/p - eight-headed hydra
Aim: an eight-headed hydra (lightly wounded, chance to affect: 29%)
The eight-headed hydra easily resists.
You hear a shout!
An orc priest comes into view. It is wielding a +2 dagger of venom.
There is a stone staircase leading up here.
The eight-headed hydra bites you!
The eight-headed hydra closely misses you.
The eight-headed hydra bites you! The eight-headed hydra bites you.
The eight-headed hydra bites you!
* * * LOW HITPOINT WARNING * * *
The eight-headed hydra bites you!
* * * LOW HITPOINT WARNING * * *
The eight-headed hydra bites you!
You die...

...#.....#
##.....o.....###
##.......###...........(.#
#..................#.....#
###.............o..#.#..##
.####.#####.....#########
..##............#
...............####
.......#.#....##..#
.....#.....#...D@.#
.#......#......#..#
.#..#.#...#.#(.#.##
.#......_......#..#
.#..#.#...#.#..#..#
.#......#......#.##
.#...#.....#.....#
.##....#.#......##
##.........####


You could see an eight-headed hydra.

Vanquished Creatures
  Menkaure (D:5)
  2 ogres (D:5)
  2 phantoms (D:4)
  A scorpion (D:5)
  A centaur skeleton (D:5)
  A hound (D:4)
  3 iguanas
  2 hound skeletons (D:4)
  4 gnolls (D:5)
  7 adders
  An ufetubus (D:4)
  2 worms (D:3)
  2 dart slugs
  14 orcs
  9 endoplasms
  2 giant cockroaches (D:1)
  5 hobgoblins
  4 jackals
  12 kobolds
  4 quokkas
  10 ball pythons
  5 bats
  5 frilled lizards
  7 goblins
  6 rats
112 creatures vanquished.

Notes
Turn   | Place    | Note
-------+----------+-------------------------------------------
     0 | D:1      | coldbreeze the Octopode Gladiator began the quest for the
                  | Orb.
     0 | D:1      | Reached XP level 1. HP: 14/14 MP: 1/1
   108 | D:1      | Reached skill level 1 in Stealth
   116 | D:1      | Reached XP level 2. HP: 19/19 MP: 2/2
   568 | D:1      | Reached skill level 2 in Stealth
   814 | D:1      | Reached XP level 3. HP: 25/25 MP: 3/3
   900 | D:1      | Found a faded altar of an unknown god.
  1089 | D:2      | Identified the +1 buckler of Resilience {Rampage rF+ Will+
                  | Dex-4}
  1685 | D:2      | Reached skill level 3 in Stealth
  2010 | D:2      | Reached XP level 4. HP: 8/30 MP: 4/4
  2016 | D:2      | HP: 1/30 [poisoned by an adder]
  2805 | D:3      | Noticed a phantom
  3023 | D:3      | Reached skill level 1 in Polearms
  3953 | D:3      | Reached XP level 5. HP: 36/36 MP: 5/5
  4379 | D:4      | Reached skill level 4 in Stealth
  4398 | D:4      | Noticed a phantom
  4416 | D:4      | Killed a phantom
  4532 | D:4      | Reached XP level 6. HP: 42/43 MP: 6/6
  4580 | D:4      | Reached skill level 5 in Stealth
  4680 | D:4      | Found an ornate altar of the Wu Jian Council.
  4919 | D:4      | Found Giatud's Magic Scroll Boutique.
  5045 | D:4      | Found a glowing golden altar of the Shining One.
  5130 | D:5      | Entered Level 5 of the Dungeon
  5174 | D:5      | Noticed Menkaure
  5193 | D:5      | Killed Menkaure
  5194 | D:5      | Reached XP level 7. HP: 32/49 MP: 7/7
  5335 | D:5      | Reached skill level 6 in Stealth
  5585 | D:5      | Reached skill level 5 in Fighting
  5724 | D:5      | Found a basalt altar of Yredelemnul.
  6156 | D:5      | Reached XP level 8. HP: 48/56 MP: 8/8
  6346 | D:5      | Found a staircase to the Ecumenical Temple.
  6514 | Temple   | Entered the Ecumenical Temple
  6639 | D:6      | Noticed an eight-headed hydra
  6702 | D:6      | Found a radiant altar of Vehumet.
  6933 | D:6      | Mangled by an eight-headed hydra

Illustrated notes

Levels and vault maps discovered:
D:1:      dpeg_arrival_simpleton_a, layout_basic,
          shapermc_ecumenical_altar_hornbeckon, corexii_item_surrounded_by_moat,
          minivault_23, minivault_19, minmay_misc_feat_tiny,
          minmay_misc_feat_secret_circle
D:2:      minmay_recursive_quarters, layout_basic
D:3:      layout_loops_corners, kennysheep_generic_room_15
D:4:      layout_loops_ring, tso_oasis_becter, nicolae_wu_jian_wuxing_cycle,
          serial_shops, shop
D:5:      layout_cave_pools, overflow_temple_1_default, temple_hall,
          uniq_menkaure
D:6:      layout_cave_pools, nicolae_vehumet_radiance,
          chequers_temple_overflow_minitemple
Temple:   eino_temple_lava

Skill      XL: |  1  2  3  4  5  6  7 |
---------------+----------------------+-----
Stealth        | 1 2 3 4 5 6 |  6.0
Fighting       | 3 4 5 |  5.5
Polearms       | 1 2 3 4 |  4.5
Short Blades   | |  0.1
Maces & Flails | |  3.4
Throwing       | |  2.0
Dodging        | |  3.7

Action                   |  1- 3 |  4- 6 |  7- 9 || total
-------------------------+-------+-------+-------++-------
Melee: Flail             |    34 |       |       ||    34
       Constrict         |    16 |    28 |     7 ||    51
       Tentacles         |    10 |    19 |     9 ||    38
       Rapier            |    34 |    30 |       ||    64
       Spear             |     5 |   135 |    57 ||   197
       Punch             |     1 |     2 |       ||     3
Throw: Stone             |     5 |     3 |       ||     8
       Dart              |       |       |     8 ||     8
Evoke: Wand              |       |       |     6 ||     6
  Use: Potion            |       |     4 |       ||     4
 Stab: Sleeping          |     7 |    16 |     2 ||    25
       Distracted        |       |     1 |       ||     1
Armor: Skin              |     4 |    26 |     4 ||    34
Dodge: Dodged            |    43 |    61 |    37 ||   141
